[Event "December 19 Early 2023"]
[Site "https://www.chess.com"]
[Date "2023.12.19"]
[Round "1"]
[White "Rozman, Levy"]
[Black "Pein, Jonathan"]
[Result "1-0"]
[Board "137"]
[TimeControl "180+1"]
[WhiteFideId "2039877"]
[BlackFideId "417092"]
[WhiteElo "2376"]
[BlackElo "2130"]
[WhiteTeam "USA"]
[BlackTeam "ENG"]
[WhiteClock "0:00:34"]
[BlackClock "0:00:08"]

1. d4 d6 2. Bg5 Nd7 3. Nc3 h6 4. Bh4 g5 5. Bg3 Ngf6 6. h4 Bg7 7. hxg5 hxg5 8. Rxh8+ Bxh8 9. Qd2 Nh7 10. Nf3 e6 11. O-O-O a6 12. e3 f5 13. Bc4 Ndf6 14. Rh1 b5 15. Nxg5 Qe7 16. Be2 Bb7 17. Nxh7 Nxh7 18. Bh5+ Kd7 19. Bf3 Bxf3 20. gxf3 Ng5 21. Qe2 Rb8 22. Bh4 Bf6 23. f4 Nf7 24. Bxf6 Qxf6 25. a3 Rh8 26. Qf3 d5 27. Rg1 Nd6 28. b3 c5 29. Rd1 cxd4 30. Rxd4 Rc8 31. Ne2 Qe7 32. Kb1 Ne4 33. b4 Rc4 34. Qg2 Kd6 35. Qg8 Qc7 36. Qf8+ Kc6 37. Rxc4+ dxc4 38. Nd4+ Kb6 39. Nxe6 Nc3+ 40. Kb2 Na4+ 41. Kc1 Qd7 42. Qd8+ Qxd8 43. Nxd8 Nc3 44. Ne6 Ne4 45. f3 Nd6 46. Nd4 a5 47. c3 axb4 48. axb4 Kc7 49. Ne2 Kc6 50. Ng3 Kd5 51. Nxf5 Nxf5 52. e4+ Ke6 53. exf5+ Kxf5 54. Kd2 Kxf4 55. Ke2 Kf5 56. Ke3 Ke5 57. f4+ Kf5 58. Kf3 Kf6 59. Ke4 Ke6 60. Kd4 Kf5 61. Kc5 Kxf4 62. Kxb5 Ke5 63. Kxc4 Kd6 64. b5 1-0

[Event "December 19 Early 2023"]
[Site "https://www.chess.com"]
[Date "2023.12.19"]
[Round "1"]
[White "Marin Pincheira, Carlos"]
[Black "Cristobal, Manuel"]
[Result "0-1"]
[Board "138"]
[TimeControl "180+1"]
[WhiteFideId "3407543"]
[BlackFideId "112879"]
[WhiteElo "2080"]
[BlackElo "2244"]
[WhiteTeam "CHI"]
[BlackTeam "ARG"]
[WhiteClock "0:00:00"]
[BlackClock "0:01:38"]

1. Nf3 b6 2. g3 Bb7 3. Bg2 e6 4. O-O Nf6 5. c4 d5 6. Ne5 Bd6 7. d4 O-O 8. Nc3 c5 9. cxd5 exd5 10. Bg5 Be7 11. Rc1 Nbd7 12. Nxd7 Qxd7 13. dxc5 d4 14. c6 Bxc6 15. Bxc6 Qxc6 16. Qxd4 Rad8 17. Qe3 Rfe8 18. Rfd1 Rxd1+ 19. Rxd1 Bc5 20. Qf3 Qe6 21. Bxf6 gxf6 22. e3 Bd6 23. Nd5 Be5 24. b3 f5 25. h4 Rd8 26. Kg2 Kf8 27. Nf4 Qf6 28. Nh5 Qe7 29. Rxd8+ Qxd8 30. Qxf5 Qd5+ 31. e4 Qc5 32. Qxh7 Bd4 33. Qf5 Bxf2 34. Qxc5+ Bxc5 35. Kf3 Bb4 36. e5 Bc3 37. Ke4 Be1 38. Kf3 Bc3 39. Kf4 Ke7 40. Kf5 Be1 41. Kf4 Bc3 42. Kf5 Be1 43. Nf4 Bxg3 44. Nd5+ Kf8 45. h5 Kg7 46. Nf6 Bh4 47. Nd7 Kh6 48. Nf6 Kg7 49. Nd7 Kh6 50. Nf6 Be1 51. Ne8 Bg3 52. Nd6 Kg7 53. h6+ Kxh6 54. Nxf7+ Kg7 55. Ke6 Kg6 56. Nd6 a6 57. Kd7 Bxe5 58. Nc4 Bd4 59. Kc6 b5 60. Na5 Kf5 61. Nb7 b4 62. Nc5 a5 63. Kb5 Ke5 0-1

[Event "December 19 Early 2023"]
[Site "https://www.chess.com"]
[Date "2023.12.19"]
[Round "1"]
[White "Piesik, Piotr"]
[Black "Kolmagorov, Alexey"]
[Result "1-0"]
[Board "139"]
[TimeControl "180+1"]
[WhiteFideId "1136194"]
[BlackFideId "34129402"]
[WhiteElo "2319"]
[BlackElo "1989"]
[WhiteTeam "CZE"]
[BlackTeam "RUS"]
[WhiteClock "0:02:40"]
[BlackClock "0:00:44"]

1. Nf3 Nf6 2. g3 d5 3. Bg2 Bg4 4. O-O Nbd7 5. d3 c6 6. Nbd2 e6 7. e4 Be7 8. h3 Bxf3 9. Qxf3 e5 10. Qe2 O-O 11. a4 Re8 12. a5 Qc7 13. Nb3 Nc5 14. Nxc5 Bxc5 15. Bg5 dxe4 16. Bxf6 exd3 17. Qg4 Bf8 18. cxd3 1-0

[Event "December 19 Early 2023"]
[Site "https://www.chess.com"]
[Date "2023.12.19"]
[Round "1"]
[White "Mesquita, Eduardo Barbosa"]
[Black "Sahib Singh"]
[Result "0-1"]
[Board "140"]
[TimeControl "180+1"]
[WhiteFideId "22757163"]
[BlackFideId "25618342"]
[WhiteElo "1953"]
[BlackElo "2130"]
[WhiteTeam "BRA"]
[BlackTeam "IND"]
[WhiteClock "0:00:01"]
[BlackClock "0:00:08"]

1. d4 d5 2. c4 e6 3. Nf3 c6 4. Bg5 f6 5. Bh4 g5 6. Bg3 h5 7. h4 g4 8. Nfd2 f5 9. Nc3 Bd6 10. Bxd6 Qxd6 11. g3 Ne7 12. Bg2 f4 13. gxf4 Nf5 14. e4 dxe4 15. Ndxe4 Qxf4 16. Nf6+ Ke7 17. Ne2 Qc7 18. Ne4 Rd8 19. Qd2 Kf8 20. Qg5 Ng7 21. O-O Qe7 22. Qf4+ Qf7 23. Qg5 Qe7 24. Qf4+ Qf7 25. Qe5 Nd7 26. Qc7 Qe7 27. f3 Nf6 28. Qxe7+ Kxe7 29. Nxf6 Kxf6 30. fxg4+ Ke7 31. Nf4 hxg4 32. Ng6+ Kd6 33. c5+ Kc7 34. Rf7+ Rd7 35. Raf1 Nf5 36. Ne5 Rxf7 37. Nxf7 Nxh4 38. Be4 Nf5 39. Ne5 Bd7 40. Nxd7 Kxd7 41. Bxf5 exf5 42. Rxf5 Re8 43. Rg5 Re4 44. d5 cxd5 45. Rxd5+ Kc6 46. Rg5 Re2 47. b4 Re4 48. a3 Kb5 49. Kf2 Ka4 50. Kg3 Kxa3 51. Rg7 Rxb4 52. Kh4 a5 53. Rc7 a4 54. Rc8 Kb3 55. Ra8 a3 56. c6 bxc6 57. Ra6 a2 58. Kg3 Ra4 59. Rxa4 Kxa4 0-1

[Event "December 19 Early 2023"]
[Site "https://www.chess.com"]
[Date "2023.12.19"]
[Round "1"]
[White "Puzzlebot_1294"]
[Black "Bregu, Riza"]
[Result "1-0"]
[Board "141"]
[TimeControl "180+1"]
[BlackFideId "4701739"]
[WhiteElo "2657"]
[BlackElo "2138"]
[BlackTeam "ALB"]
[WhiteClock "0:00:11"]
[BlackClock "0:00:09"]

1. Nf3 Nf6 2. g3 g6 3. Bg2 Bg7 4. O-O O-O 5. c4 c6 6. Nc3 d5 7. d4 dxc4 8. e4 b5 9. e5 Nd5 10. Nd2 a6 11. a4 b4 12. Nce4 c3 13. bxc3 Nxc3 14. Nxc3 bxc3 15. Nb3 Be6 16. Nc5 Bd5 17. Be3 Nd7 18. Nd3 Bxg2 19. Kxg2 c5 20. Qc2 cxd4 21. Bxd4 Nxe5 22. Bxe5 Qd5+ 23. f3 Bxe5 24. Rad1 Bf6 25. Rfe1 Rac8 26. Nf2 Qc6 27. Ne4 Rfd8 28. Rc1 Bg7 29. Re2 Qc4 30. Rce1 h6 31. h4 Rd4 32. h5 Qxa4 33. Qc1 g5 34. Nxg5 hxg5 35. Qxg5 Qb5 36. Re5 Qc6 37. Re6 Rd2+ 38. Kh3 Qd5 39. R6e5 Qd6 40. Re6 Rd5 41. Qg4 Qxe6 42. Rxe6 Rxh5+ 43. Qxh5 fxe6 44. Qg6 Rc6 45. Qe8+ Kh7 46. Qxc6 a5 47. Qxe6 a4 48. Qa2 c2 49. Qxc2+ Kg8 50. Qxa4 Kf7 51. Qe4 Bf6 52. Kg4 e6 53. f4 Be7 54. f5 Bf6 55. Qxe6+ Kg7 56. Kh5 Be5 57. Qxe5+ Kg8 58. Qe6+ Kh7 59. Qd7+ Kg8 60. Kg6 Kh8 61. Qe8# 1-0

[Event "December 19 Early 2023"]
[Site "https://www.chess.com"]
[Date "2023.12.19"]
[Round "1"]
[White "Hoffmann, Asa"]
[Black "Rendle, Thomas E"]
[Result "0-1"]
[Board "142"]
[TimeControl "180+1"]
[WhiteFideId "2001470"]
[BlackFideId "408760"]
[WhiteElo "2117"]
[BlackElo "2424"]
[WhiteTeam "USA"]
[BlackTeam "ENG"]
[WhiteClock "0:00:56"]
[BlackClock "0:00:26"]

1. d4 f5 2. Nc3 Nf6 3. Bg5 d5 4. f3 Nc6 5. e4 dxe4 6. d5 Ne5 7. fxe4 Nxe4 8. Nxe4 fxe4 9. Qd4 Nf7 10. Bh4 c6 11. Bc4 Qb6 12. Qc3 e6 13. dxe6 Bb4 14. exf7+ Kf8 15. O-O-O Bxc3 16. Rd8+ Qxd8 17. Bxd8 Bf6 18. Bxf6 gxf6 19. Ne2 Bf5 20. Rf1 Bg6 21. Rxf6 Kg7 22. Rf4 Rhf8 23. Ng3 Bxf7 24. Rxe4 Bxc4 25. Rxc4 Rad8 26. b3 Rf2 27. Nf5+ Rxf5 28. g4 Rf1+ 0-1

[Event "December 19 Early 2023"]
[Site "https://www.chess.com"]
[Date "2023.12.19"]
[Round "1"]
[White "Zemach, Roee"]
[Black "Crispin Ferreras, Darvi Abraham"]
[Result "1-0"]
[Board "143"]
[TimeControl "180+1"]
[WhiteFideId "2818531"]
[BlackFideId "6402771"]
[WhiteElo "2227"]
[BlackElo "2149"]
[WhiteTeam "ISR"]
[BlackTeam "DOM"]
[WhiteClock "0:01:05"]
[BlackClock "0:01:19"]

1. d4 Nf6 2. c4 e6 3. Nc3 d5 4. cxd5 exd5 5. Bg5 Be7 6. e3 c6 7. Bd3 h6 8. Bh4 O-O 9. Qc2 Nbd7 10. Nge2 Re8 11. O-O Nf8 12. Rae1 Bg4 13. f3 Bd7 14. Bf2 Bd6 15. h3 Qc7 16. e4 dxe4 17. fxe4 Bh2+ 18. Kh1 Nh5 19. e5 Bf4 20. g4 c5 21. gxh5 Bc6+ 22. Kg1 Bxe5 23. dxe5 Qxe5 24. Ng3 Qg5 25. Ne4 Qh4 26. Kh2 Ne6 27. Be3 Rad8 28. Bc4 b5 29. Bxe6 Rxe6 30. Bxc5 Rde8 31. Qf2 f6 32. Nd6 Rxe1 33. Rxe1 Rxe1 34. Qxe1 Bd7 35. Ndf5 Bxf5 36. Nxf5 Qf4+ 37. Ng3 1-0

[Event "December 19 Early 2023"]
[Site "https://www.chess.com"]
[Date "2023.12.19"]
[Round "1"]
[White "Khodabandeh, Milad"]
[Black "Munkhgal, Gombosuren"]
[Result "0-1"]
[Board "144"]
[TimeControl "180+1"]
[WhiteFideId "12538620"]
[BlackFideId "4901266"]
[WhiteElo "1846"]
[BlackElo "2519"]
[WhiteTeam "IRI"]
[BlackTeam "MGL"]
[WhiteClock "0:00:00"]
[BlackClock "0:00:36"]

1. e4 e6 2. d4 d5 3. Nd2 a6 4. Ngf3 Nf6 5. e5 Nfd7 6. Bd3 c5 7. c3 Nc6 8. O-O g5 9. h4 g4 10. Ng5 cxd4 11. cxd4 Nxd4 12. Qxg4 Nc6 13. Nxe6 Ndxe5 14. Nxd8 Bxg4 15. Nxc6 Nxd3 16. Nd4 Bg7 17. N2f3 O-O 18. Be3 b5 19. Rab1 Rac8 20. b3 Ne5 21. Rfe1 Rfe8 22. Nxe5 Bxe5 0-1

[Event "December 19 Early 2023"]
[Site "https://www.chess.com"]
[Date "2023.12.19"]
[Round "1"]
[White "Fromm, Marius"]
[Black "Martin Barcelo, Carles"]
[Result "1-0"]
[Board "145"]
[TimeControl "180+1"]
[WhiteFideId "12993190"]
[BlackFideId "24561444"]
[WhiteElo "2335"]
[BlackElo "2135"]
[WhiteTeam "GER"]
[BlackTeam "ESP"]
[WhiteClock "0:00:09"]
[BlackClock "0:00:01"]

1. e4 e5 2. Nf3 Nf6 3. Nxe5 d6 4. Nf3 Nxe4 5. d4 Be7 6. Bd3 Nf6 7. O-O O-O 8. Re1 Bg4 9. c3 Nbd7 10. Nbd2 c6 11. Nf1 Bh5 12. Bf4 Re8 13. Ng3 Bg6 14. Nf5 Bxf5 15. Bxf5 Nf8 16. Qb3 Qb6 17. Re2 Qxb3 18. axb3 Nd5 19. Bg3 Ng6 20. Rae1 Kf8 21. Bxg6 hxg6 22. c4 Nc7 23. Rxe7 Rxe7 24. Bxd6 Re8 25. Ng5 f6 26. Rxe7 Rxe7 27. Ne4 Kf7 28. Bxe7 Kxe7 29. Nd2 Ne6 30. Nf3 Kd6 31. Kf1 b5 32. g3 a5 33. Ke2 a4 34. bxa4 bxc4 35. Kd2 Kd5 36. Kc3 Ke4 37. Nd2+ Kd5 38. Nxc4 Nxd4 39. Ne3+ Kc5 40. b4+ 1-0

[Event "December 19 Early 2023"]
[Site "https://www.chess.com"]
[Date "2023.12.19"]
[Round "1"]
[White "Skibbe, Willi"]
[Black "Horobetz, Graham"]
[Result "1-0"]
[Board "146"]
[TimeControl "180+1"]
[WhiteFideId "4682190"]
[BlackFideId "2047322"]
[WhiteElo "2345"]
[BlackElo "2654"]
[WhiteTeam "GER"]
[BlackTeam "USA"]
[WhiteClock "0:01:02"]
[BlackClock "0:00:00"]

1. e4 c5 2. c3 Nf6 3. e5 Nd5 4. Nf3 Nc6 5. Bc4 Nb6 6. Bb3 d6 7. exd6 Qxd6 8. O-O Bf5 9. d4 cxd4 10. cxd4 e6 11. Nc3 Be7 12. d5 exd5 13. Nxd5 Nxd5 14. Qxd5 Qxd5 15. Bxd5 Rd8 16. Bxc6+ bxc6 17. Be3 Bf6 18. Bxa7 Bxb2 19. Rfe1+ Kd7 20. Rad1+ Kc8 21. Bd4 Ba3 22. Bxg7 Rxd1 23. Bxh8 Rxe1+ 24. Nxe1 Bb1 25. Bc3 Bxa2 26. Nd3 Be7 27. f4 Bc4 28. Ne5 Bd5 29. Kf2 Bh4+ 30. g3 Be7 31. g4 Bh4+ 32. Ke3 Kc7 33. g5 f6 34. gxf6 Bxf6 35. Bd4 Bh4 36. Nf3 Be7 37. Ng5 Bg8 38. h4 h6 39. Nf3 Kd6 40. Bg7 h5 41. Be5+ Kd5 42. Ng5 Bc5+ 43. Kd3 Bf2 44. Nf3 Bh7+ 45. Ke2 Bg3 46. Ke3 1-0

[Event "December 19 Early 2023"]
[Site "https://www.chess.com"]
[Date "2023.12.19"]
[Round "1"]
[White "Skliarov, Viktor"]
[Black "Bernat, David"]
[Result "1-0"]
[Board "147"]
[TimeControl "180+1"]
[WhiteFideId "14106736"]
[BlackFideId "2099225"]
[WhiteElo "2301"]
[BlackElo "1894"]
[WhiteTeam "UKR"]
[BlackTeam "USA"]
[WhiteClock "0:00:23"]
[BlackClock "0:00:11"]

1. e4 c5 2. Nf3 g6 3. d4 cxd4 4. Qxd4 Nf6 5. Nc3 Nc6 6. Qa4 d6 7. e5 dxe5 8. Nxe5 Bg7 9. Nxc6 bxc6 10. Qxc6+ Bd7 11. Qf3 Rb8 12. Bd3 O-O 13. O-O Qb6 14. b3 Bc6 15. Qe2 Qa5 16. Bd2 Nd5 17. Ne4 Qc7 18. Rae1 Nf4 19. Bxf4 Qxf4 20. Ng3 Bc3 21. Qe3 Qxe3 22. Rxe3 Bb4 23. Bc4 e6 24. Rd3 Rfd8 25. Rfd1 Rxd3 26. Rxd3 Kf8 27. a4 Ke7 28. Kf1 h5 29. Ne2 Rd8 30. Rxd8 Kxd8 31. Nd4 Be4 32. f3 Ba8 33. Ke2 Ke7 34. Kd3 Bd6 35. h3 e5 36. Nb5 Bb8 37. Nc3 f5 38. Bd5 Bxd5 39. Nxd5+ Kd6 40. Ne3 a6 41. b4 Ba7 42. c4 Ke6 43. c5 Kd7 44. Kc4 Ke6 45. b5 axb5+ 46. axb5 e4 47. fxe4 fxe4 48. b6 Bb8 49. c6 Kd6 50. c7 Bxc7 51. bxc7 Kxc7 52. Kd5 Kd7 53. Ke5 Ke7 54. Kxe4 Kf7 55. h4 Kf6 56. Kf4 Ke6 57. Kg5 Kf7 58. Nd5 Kg7 59. Nf4 Kh7 60. Nxg6 Kg7 61. Kxh5 Kh7 62. Kg5 Kg7 63. h5 1-0

[Event "December 19 Early 2023"]
[Site "https://www.chess.com"]
[Date "2023.12.19"]
[Round "1"]
[White "Dilmukhametov, Artur"]
[Black "Erdogan, Anil Berk"]
[Result "0-1"]
[Board "148"]
[TimeControl "180+1"]
[WhiteFideId "24179922"]
[BlackFideId "6348173"]
[WhiteElo "2176"]
[BlackElo "2007"]
[WhiteTeam "RUS"]
[BlackTeam "TUR"]
[WhiteClock "0:00:00"]
[BlackClock "0:01:29"]

1. e4 c5 2. d4 cxd4 3. c3 g6 4. Nf3 Bg7 5. cxd4 d5 6. e5 Bg4 7. Be2 Nc6 8. O-O e6 9. a3 Nge7 10. b4 Qb6 11. Be3 Nf5 12. Nc3 Bxf3 13. Bxf3 Ncxd4 14. Na4 Nxf3+ 15. Qxf3 Qb5 16. Nc3 Qd3 17. Rac1 O-O 18. Rfd1 Qa6 19. a4 Nxe3 20. Qxe3 Rac8 21. b5 Qb6 22. Qe2 Rc4 23. Rd3 Rfc8 24. h4 d4 25. h5 Rxc3 0-1

[Event "December 19 Early 2023"]
[Site "https://www.chess.com"]
[Date "2023.12.19"]
[Round "1"]
[White "Smirnov, Alexandr A."]
[Black "Santos, Rafael Ventura Dos"]
[Result "1-0"]
[Board "149"]
[TimeControl "180+1"]
[WhiteFideId "24104396"]
[BlackFideId "2122227"]
[WhiteElo "2152"]
[BlackElo "2138"]
[WhiteTeam "RUS"]
[BlackTeam "BRA"]
[WhiteClock "0:00:58"]
[BlackClock "0:00:03"]

1. e4 c5 2. Nf3 d6 3. Bc4 e6 4. Qe2 Nc6 5. c3 Nf6 6. O-O Be7 7. d4 cxd4 8. cxd4 d5 9. exd5 Nxd5 10. Nc3 O-O 11. a3 b6 12. Bd3 h6 13. Nxd5 exd5 14. Bf4 Bf6 15. Rad1 Re8 16. Ne5 Bb7 17. Qh5 Bxe5 18. dxe5 Bc8 19. Rfe1 Be6 20. Re3 g5 21. Rg3 Kg7 22. h4 Rh8 23. hxg5 hxg5 24. Rxg5+ Qxg5 25. Qxg5+ Kf8 26. Qf6 Rg8 27. Bh6+ Ke8 28. Bb5 Rc8 29. Rc1 Kd7 30. Qf3 Rg6 31. Bf4 Rcg8 32. Bxc6+ Ke7 33. Bxd5 Bg4 34. Qc3 Bd7 35. g3 Rh8 36. e6 1-0

[Event "December 19 Early 2023"]
[Site "https://www.chess.com"]
[Date "2023.12.19"]
[Round "1"]
[White "Kostiukov, Alexandr"]
[Black "Nigalidze, Gaioz"]
[Result "0-1"]
[Board "150"]
[TimeControl "180+1"]
[WhiteFideId "14108100"]
[BlackFideId "13603078"]
[WhiteElo "2112"]
[BlackElo "2400"]
[WhiteTeam "UKR"]
[BlackTeam "GEO"]
[WhiteClock "0:00:00"]
[BlackClock "0:00:05"]

1. g3 d5 2. Bg2 e5 3. d3 Nf6 4. e4 dxe4 5. dxe4 Qxd1+ 6. Kxd1 Bc5 7. f3 Nc6 8. Nd2 Be6 9. Bh3 O-O-O 10. Bxe6+ fxe6 11. c3 a5 12. a4 Rhf8 13. Ke2 g5 14. h3 h5 15. g4 hxg4 16. hxg4 Rh8 17. Nh3 Be7 18. Nc4 Rdg8 19. Be3 Nh7 20. Rh2 Nf8 21. Rah1 Rh7 22. Nf2 Rh4 23. Rxh4 gxh4 24. Nh3 Ng6 25. Ng5 Bxg5 26. Bxg5 Rf8 27. Rh3 b6 28. Ne3 Rh8 29. Ng2 Nce7 30. Nxh4 Nf4+ 31. Bxf4 exf4 32. g5 Ng6 33. Nxg6 Rxh3 34. Nxf4 Rg3 35. Nxe6 Kd7 36. Nd4 Rxg5 37. Kf2 Rh5 38. Kg2 Kd6 39. f4 Kc5 40. b3 c6 41. Ne6+ Kd6 42. Nd4 b5 43. Nf5+ Kc5 0-1

[Event "December 19 Early 2023"]
[Site "https://www.chess.com"]
[Date "2023.12.19"]
[Round "1"]
[White "Wadsworth, Matthew J"]
[Black "Biernacki, Mark"]
[Result "1-0"]
[Board "151"]
[TimeControl "180+1"]
[WhiteFideId "415804"]
[BlackFideId "2082322"]
[WhiteElo "2266"]
[BlackElo "1965"]
[WhiteTeam "ENG"]
[BlackTeam "USA"]
[WhiteClock "0:00:25"]
[BlackClock "0:00:00"]

1. c4 c6 2. Nf3 d5 3. g3 Nf6 4. Bg2 Bg4 5. Ne5 Be6 6. cxd5 Bxd5 7. Nf3 c5 8. Nc3 Bc6 9. O-O e6 10. Re1 Be7 11. e4 O-O 12. d4 cxd4 13. Nxd4 Qc7 14. Nxc6 Nxc6 15. e5 Rfd8 16. Qa4 Nd7 17. Nb5 Qb6 18. Be3 Bc5 19. Nd6 Bxe3 20. Rxe3 Ndxe5 21. Nxb7 Rd4 22. Qc2 Nc4 23. Rc3 Nb4 24. Qa4 Rc8 25. Rac1 Qc7 26. Qxb4 1-0

[Event "December 19 Early 2023"]
[Site "https://www.chess.com"]
[Date "2023.12.19"]
[Round "1"]
[White "Gruzman, Ilya"]
[Black "Gubajdullin, Alexei"]
[Result "0-1"]
[Board "152"]
[TimeControl "180+1"]
[WhiteFideId "2812703"]
[BlackFideId "4141202"]
[WhiteElo "1986"]
[BlackElo "2274"]
[WhiteTeam "ISR"]
[BlackTeam "RUS"]
[WhiteClock "0:00:09"]
[BlackClock "0:00:14"]

1. d4 Nf6 2. c4 c5 3. d5 e6 4. Nc3 exd5 5. cxd5 d6 6. e4 g6 7. Nf3 Bg7 8. Be2 O-O 9. O-O Re8 10. Nd2 Na6 11. f4 Nc7 12. a4 b6 13. Bf3 Nd7 14. e5 Bb7 15. Nc4 dxe5 16. d6 Bxf3 17. dxc7 Bxd1 18. cxd8=Q Rexd8 19. Rxd1 exf4 20. Bxf4 Bd4+ 21. Kf1 Nf6 22. Be5 Ng4 23. Bf4 g5 24. Bxg5 Nxh2+ 25. Ke2 Re8+ 26. Kd3 Ng4 27. Kc2 f6 28. Bf4 Re6 29. Nb5 Re2+ 30. Rd2 Rxd2+ 31. Nxd2 Be3 32. Bxe3 Nxe3+ 33. Kd3 Nd5 34. Re1 a6 35. Nc3 Nb4+ 36. Kc4 Rd8 37. Nde4 Rd4+ 38. Kb3 Nd3 39. Nxf6+ Kf7 40. Rf1 c4+ 41. Kc2 Kg6 42. Nfe4 b5 43. axb5 axb5 44. Nd2 b4 45. Nce4 Ne5 46. Rf6+ Kg7 47. Rf5 Nd3 48. Rf1 h5 49. Nxc4 Nxb2 50. Nxb2 Rxe4 51. Rf2 Kg6 52. Nd3 Kg5 53. Kb3 Kg4 54. Nxb4 Kg3 55. Rf5 h4 56. Rg5+ Rg4 57. Rh5 Kxg2 58. Nd3 h3 59. Kc3 h2 60. Ne1+ Kg3 61. Kd2 Rh4 62. Rg5+ Kf4 63. Rg8 h1=Q 64. Ng2+ Ke5 65. Nxh4 Qxh4 66. Re8+ Kd5 67. Re2 Qd4+ 68. Ke1 Kc4 69. Rc2+ Kb3 70. Rd2 Qg1+ 71. Ke2 Qg4+ 72. Ke3 Qe6+ 73. Kf2 Kc3 74. Re2 Qf5+ 75. Kg3 Kd3 76. Rf2 Qg5+ 77. Kh2 Ke3 78. Rg2 Qh4+ 79. Kg1 Kf3 80. Ra2 Qg5+ 81. Kh1 Qh6+ 82. Kg1 Qg6+ 83. Kh2 Qh7+ 84. Kg1 Qg8+ 85. Rg2 Qxg2# 0-1

[Event "December 19 Early 2023"]
[Site "https://www.chess.com"]
[Date "2023.12.19"]
[Round "1"]
[White "Kononenko, Dmitry"]
[Black "Borawski, Jakub"]
[Result "0-1"]
[Board "153"]
[TimeControl "180+1"]
[WhiteFideId "14113538"]
[BlackFideId "1143000"]
[WhiteElo "2168"]
[BlackElo "2052"]
[WhiteTeam "UKR"]
[BlackTeam "POL"]
[WhiteClock "0:00:05"]
[BlackClock "0:00:08"]

1. e4 e5 2. Nf3 Nc6 3. d4 exd4 4. Nxd4 Bc5 5. Nxc6 Qf6 6. Qf3 bxc6 7. Nd2 d6 8. Nb3 Bb6 9. Bd3 Qxf3 10. gxf3 Ne7 11. c4 O-O 12. c5 dxc5 13. Nd2 c4 14. Nxc4 f5 15. Bg5 Ng6 16. O-O-O Be6 17. h4 fxe4 18. fxe4 Rxf2 19. h5 Nf4 20. Bxf4 Rxf4 21. Nxb6 axb6 22. a3 Rd8 23. h6 g6 24. Rd2 Rd6 25. Kc2 c5 26. b3 Rd4 27. Rg1 Rf3 28. a4 Bxb3+ 29. Kxb3 Rfxd3+ 30. Rxd3 Rxd3+ 31. Kc4 Rd4+ 32. Kb5 Rxe4 33. Rd1 Kf7 34. Kc6 Kf6 35. Kxc7 Rxa4 36. Kxb6 Rh4 37. Rd6+ Ke5 38. Rd2 c4 39. Kc5 c3 40. Re2+ Kf5 41. Rc2 Rh3 42. Kd4 Kg5 43. Ke5 Kxh6 44. Kf4 Kh5 45. Ke5 g5 46. Ke4 Kg4 47. Rg2+ Rg3 48. Rh2 h5 49. Re2 h4 50. Kd4 Kf4 51. Re4+ Kf5 52. Re5+ Kg4 53. Re2 h3 54. Re4+ Kh5 55. Re8 Rf3 56. Ke4 c2 57. Rc8 Rf2 58. Ke3 Rg2 59. Kf3 g4+ 60. Kf4 Rf2+ 61. Kg3 Rf3+ 62. Kh2 Rf2+ 63. Kg3 Rd2 64. Rc5+ Kg6 65. Rc6+ Kf7 66. Rc4 h2 67. Rf4+ Ke6 68. Rxg4 c1=Q 69. Rg6+ Kf5 70. Rh6 Qg1+ 71. Kh3 Rd3+ 72. Kh4 Qg4# 0-1

[Event "December 19 Early 2023"]
[Site "https://www.chess.com"]
[Date "2023.12.19"]
[Round "1"]
[White "Koridze, Lile"]
[Black "Espinoza Villanueva, Rodrigo"]
[Result "0-1"]
[Board "154"]
[TimeControl "180+1"]
[WhiteFideId "13612514"]
[BlackFideId "5140188"]
[WhiteElo "2061"]
[BlackElo "1907"]
[WhiteTeam "GEO"]
[BlackTeam "MEX"]
[WhiteClock "0:00:01"]
[BlackClock "0:00:07"]

1. d4 Nf6 2. c4 g6 3. Nc3 Bg7 4. e4 d6 5. Nf3 O-O 6. Be2 Bg4 7. Be3 Nfd7 8. O-O Nc6 9. Qd2 Bxf3 10. Bxf3 e5 11. dxe5 dxe5 12. Rfd1 Nd4 13. Bg4 c6 14. Ne2 Nf6 15. Nxd4 exd4 16. Qe2 c5 17. Bg5 Qb6 18. e5 Nxg4 19. Qxg4 Bxe5 20. Rab1 Bg7 21. b4 cxb4 22. Be7 a5 23. Bxf8 Kxf8 24. a3 Kg8 25. axb4 axb4 26. Qe4 Rc8 27. c5 Rxc5 28. Qe8+ Bf8 29. Rxd4 Rf5 30. Rd2 Kg7 31. Rbb2 h5 32. h3 Bc5 33. Qd7 h4 34. Qd3 Qf6 35. Kf1 b6 36. Rbc2 Qe5 37. Kg1 Qe1+ 38. Kh2 Rxf2 39. Rxf2 Bxf2 40. Rxf2 Qxf2 41. Qb5 Qg3+ 42. Kg1 b3 43. Qxb6 Qe1+ 44. Kh2 Qe5+ 45. Kg1 b2 46. Qb3 Qe1+ 47. Kh2 b1=Q 0-1

[Event "December 19 Early 2023"]
[Site "https://www.chess.com"]
[Date "2023.12.19"]
[Round "1"]
[White "Mendoza, Rodrigo"]
[Black "Joel Paul Ganta"]
[Result "1/2-1/2"]
[Board "155"]
[TimeControl "180+1"]
[WhiteFideId "3301931"]
[BlackFideId "35066145"]
[WhiteElo "2111"]
[BlackElo "1891"]
[WhiteTeam "BOL"]
[BlackTeam "IND"]
[WhiteClock "0:00:08"]
[BlackClock "0:00:22"]

1. d4 Nf6 2. Nf3 e6 3. c4 c5 4. d5 exd5 5. cxd5 d6 6. Nc3 g6 7. e4 Bg7 8. Nd2 O-O 9. Be2 a6 10. a4 Re8 11. O-O Qc7 12. f3 Nbd7 13. Nc4 Nh5 14. g4 Bd4+ 15. Kh1 Ng7 16. Be3 Bxe3 17. Nxe3 Rb8 18. Qd2 Ne5 19. f4 Nd7 20. Rae1 Nf6 21. e5 dxe5 22. d6 Qc6+ 23. Bf3 e4 24. Ned5 Qxd6 25. Nxf6+ Qxf6 26. Nxe4 Qh4 27. g5 Rxe4 28. Rxe4 Bf5 29. Re5 Ne6 30. Bd5 Nd4 31. Re7 Rf8 32. Rxb7 Qh3 33. Re1 Nf3 34. Bxf7+ Rxf7 35. Re8+ Kg7 36. Qc3+ Nd4 37. Qxh3 Bxh3 38. Ree7 Rxe7 39. Rxe7+ Kg8 40. Ra7 Bf5 41. Rxa6 Be4+ 42. Kg1 Ne2+ 43. Kf2 Nd4 44. Rb6 c4 45. a5 Nb3 46. a6 Nc5 47. a7 Kf7 48. Rb8 Ke6 49. a8=Q Bxa8 50. Rxa8 Nd3+ 51. Ke3 Nxb2 52. Rc8 Nd3 53. Rxc4 Ne1 54. Rc7 Ng2+ 55. Ke4 Nh4 56. Rxh7 Nf5 57. Ra7 Nd6+ 58. Kf3 Nf5 59. Ra6+ Kf7 60. Ra7+ Ke6 61. Ke4 Nd6+ 62. Kf3 Nf5 1/2-1/2

[Event "December 19 Early 2023"]
[Site "https://www.chess.com"]
[Date "2023.12.19"]
[Round "1"]
[White "Kraus, Tomas"]
[Black "Ovetchkin, Roman"]
[Result "0-1"]
[Board "156"]
[TimeControl "180+1"]
[WhiteFideId "331708"]
[BlackFideId "4119991"]
[WhiteElo "2371"]
[BlackElo "2381"]
[WhiteTeam "CZE"]
[BlackTeam "RUS"]
[WhiteClock "0:00:05"]
[BlackClock "0:00:29"]

1. e4 c6 2. d4 d5 3. f3 Qb6 4. a4 a6 5. a5 Qc7 6. Nc3 e6 7. Bd3 Bb4 8. Ne2 Bxa5 9. O-O Bb6 10. Bf4 Qd8 11. Na4 Bc7 12. e5 Ne7 13. Qd2 Nd7 14. Bg3 b6 15. f4 Nf5 16. Bf2 h5 17. b3 a5 18. c4 Ba6 19. Rfc1 h4 20. b4 Bxc4 21. Bxc4 dxc4 22. Rxc4 b5 23. Rxc6 bxa4 24. bxa5 Bxa5 25. Qd3 Nb6 26. g4 hxg3 27. Nxg3 Nxg3 28. Bxg3 Qd7 29. Rac1 Nd5 30. Qb5 O-O 31. Qc5 Bb4 32. Qc4 a3 33. Rc7 Qxc7 34. Qxc7 Nxc7 0-1